 Dungeon Crawl Stone Soup version 0.29.1-1-gd02db6906a (webtiles) character file.

Game seed: 8855124158105529284

333 LustLizard the Trooper (level 6, -5/72 HPs)
             Began as a Demonspawn Fighter on Oct 6, 2022.
             Slain by a gnoll bouda
             ... wielding a +0 whip
              (7 damage)
             ... on level 3 of the Dungeon.
             The game lasted 00:04:22 (3438 turns).

LustLizard the Trooper (Demonspawn Fighter)         Turns: 3438, Time: 00:04:22

Health: -5/72      AC: 23    Str: 16    XL:     6   Next: 27%
Magic:  6/6        EV:  2    Int: 14    God:
Gold:   148        SH:  6    Dex: 22    Spells: 5/5 levels left

rFire   . . .      SeeInvis .   u - +6 hammer "Gugrif" {vorpal, Fly Int+4 Dex+4}
rCold   . . .      Faith    .   c - +0 buckler
rNeg    . . .      Spirit   .   (body armour currently unavailable)
rPois   +          Reflect  .   (helmet currently unavailable)
rElec   .          Harm     .   (cloak currently unavailable)
rCorr   .          Rampage  .   (gloves currently unavailable)
Will    .....      NoTele   +   (boots currently unavailable)
Stlth   ++++......              (no amulet)
HPRegen 0.22/turn               q - +4 ring of evasion
MPRegen 0.10/turn               (no ring)

@: tree-form
A: stationary, stasis, torment immunity, boosted hp, (hooves 1), thin skeletal
structure 2
a: no special abilities


You were on level 3 of the Dungeon.
You were a tree.
You visited 1 branch of the dungeon, and saw 4 of its levels.

You collected 148 gold pieces.

Inventory:

Hand Weapons
 a - a +0 long sword
 u - the +6 hammer "Gugrif" (weapon) {vorpal, Fly Int+4 Dex+4}
   (You found it on level 3 of the Dungeon)

   It inflicts extra damage upon your enemies.
   Int:       It affects your intelligence (+4).
   Dex:       It affects your dexterity (+4).
   Fly:       It grants you flight.
Missiles
 f - 12 poisoned darts (quivered)
 g - 41 stones
Armour
 b - a +0 scale mail
 c - a +0 buckler (worn)
 m - a +0 chain mail (melded)
 o - a +1 ring mail of cold resistance
 r - a +0 pair of gloves (melded)
 v - a +2 cloak (melded)
Jewellery
 e - a ring of fire
 q - a +4 ring of evasion (left branch)
Scrolls
 d - a scroll of identify {unknown}
 i - 2 scrolls of poison {unknown}
 j - 2 scrolls of amnesia {unknown}
 n - 3 scrolls of teleportation {unknown}
 s - a scroll of blinking {unknown}
 t - a scroll of fear {unknown}
Potions
 k - a potion of resistance


   Skills:
 + Level 3.9 Fighting
 * Level 3.8 Long Blades
 * Level 3.0 Throwing
 - Level 2.6 Armour
 + Level 2.0 Dodging
 - Level 2.6 Shields


You had 5 spell levels left.
You didn't know any spells.
Your spell library contained the following spells:

 Spells                   Type           Power      Damage    Failure   Level
 Static Discharge         Conj/Air       0%         3-3/arc   50%         2
 Lightning Bolt           Conj/Air       0%         1d11      100%        5
 Maxwell's Capacitive Co  Air            0%         ∞         100%        8


Dungeon Overview and Level Annotations

Branches:
Dungeon (4/15)
 Temple: D:4-7

Altars:
Dithmenos
Makhleb
Uskayaw


Innate Abilities, Weirdness & Mutations

You are a tree.
Your roots penetrate the ground, keeping you stationary.
You cannot be teleported.
You are immune to unholy pain and torment.
Your maximum health is greatly increased.
Your equipment is partially melded.
((You have large cloven feet.))
You have a moderately thin skeletal structure. (Dex +4, Stealth++)


Message History

The gnoll hits you with a +0 flail!
* * * LOW HITPOINT WARNING * * *
The gnoll barely misses you. The gnoll hits you but does no damage.
The gnoll bouda hits you but does no damage.
You fly upwards.
There is a stone staircase leading down here.
Your attacks no longer feel as feeble.
You block the gnoll bouda's attack. The gnoll hits you with a +0 whip.
* * * LOW HITPOINT WARNING * * *
The gnoll attacks as you move away! You block the gnoll's attack.
The gnoll attacks as you move away! You block the gnoll's attack.
The gnoll bouda barely misses you. The gnoll completely misses you.
It was a potion of curing.
You feel better. The gnoll hits you with a +0 flail.
* * * LOW HITPOINT WARNING * * *
It was a potion of flight.
You feel more buoyant. The gnoll hits you but does no damage.
It was a potion of lignification.
You turn into a tree.
Your +2 cloak melds into your body.
Your +0 pair of gloves melds into your body.
Your +0 chain mail melds into your body.
Your roots penetrate the ground.
The gnoll hits you with a +0 flail!
* * * LOW HITPOINT WARNING * * *
You hit the gnoll.
The gnoll is heavily wounded.
The gnoll hits you but does no damage.
The gnoll bouda barks out a call to the hunt!
You barely miss the gnoll.
The gnoll is heavily wounded.
You block the gnoll's attack.
You hit the gnoll bouda.
The gnoll bouda is lightly wounded.
The gnoll is no longer moving quickly. x2
The gnoll bouda barks out a call to the hunt!
The gnolls pick up the pace!
You thump the gnoll bouda!
The gnoll bouda is severely wounded.
The gnoll bouda hits you with a +0 whip!
You die...

#........#
#.######.# #.# #.#
##### #.######.####
#....
#.##........###.###
#.##.###.##.....# #
#.##.# #.#####..###
#.##.###.# ##....
#.♣gg....# ##.##
####g##### #.#
##...## #.#
##g)...## ##'##
#.g.....# ##...#
#.......# ##.....
#.......# ##......
##......####.......
##........+.......


You could see a gnoll bouda and 2 gnolls.

Vanquished Creatures
  Sigmund (D:3)
  Crazy Yiuf (D:3)
  Terence (D:2)
  Natasha (thrice) (D:2)
  An adder (D:3)
  4 orcs (D:3)
  3 endoplasms
  A giant cockroach (D:2)
  3 goblins
  3 hobgoblins
  3 kobolds
  3 quokkas
  4 ball pythons
  3 bats
  A frilled lizard (D:3)
  3 rats
38 creatures vanquished.

Notes
Turn   | Place    | Note
-------+----------+-------------------------------------------
     0 | D:1      | LustLizard the Demonspawn Fighter began the quest for the
                  | Orb.
     0 | D:1      | Reached XP level 1. HP: 18/18 MP: 1/1
   427 | D:1      | Found a faded altar of an unknown god.
   448 | D:1      | Gained mutation: You have a somewhat thin skeletal
                  | structure. (Dex +2, Stealth+) [demonic ancestry]
   448 | D:1      | Reached XP level 2. HP: 24/24 MP: 2/2
   940 | D:2      | Noticed Natasha
   957 | D:2      | Killed Natasha
   958 | D:2      | Reached skill level 1 in Throwing
   958 | D:2      | Reached XP level 3. HP: 2/29 MP: 3/3
  1252 | D:2      | Noticed Natasha
  1264 | D:2      | Killed Natasha
  1265 | D:2      | Reached skill level 1 in Dodging
  1623 | D:2      | Noticed Natasha
  1639 | D:2      | Killed Natasha
  1640 | D:2      | Reached XP level 4. HP: 25/35 MP: 4/4
  1872 | D:2      | Noticed Terence
  1883 | D:2      | Killed Terence
  2361 | D:3      | Noticed Sigmund
  2377 | D:3      | Killed Sigmund
  2378 | D:3      | Gained mutation: You have large cloven feet. [demonic
                  | ancestry]
  2378 | D:3      | Reached XP level 5. HP: 16/42 MP: 5/5
  2378 | D:3      | Gained mutation: You have a moderately thin skeletal
                  | structure. (Dex +4, Stealth++) [demonic ancestry]
  2378 | D:3      | Reached XP level 6. HP: 19/48 MP: 6/6
  2742 | D:3      | Found a burning altar of Makhleb.
  2742 | D:3      | Found a shadowy altar of Dithmenos.
  2742 | D:3      | Found a hide-covered altar of Uskayaw.
  3348 | D:3      | Identified the +6 hammer "Gugrif" {vorpal, Fly Int+4 Dex+4}
  3353 | D:3      | Found a runed translucent door.
  3354 | D:3      | Noticed Crazy Yiuf
  3363 | D:3      | Killed Crazy Yiuf
  3427 | D:3      | HP: 1/48 [gnoll/+0 whip[a gnoll bouda] (2)]
  3434 | D:3      | HP: 1/72 [gnoll/+0 flail[a gnoll bouda] (10)]
  3438 | D:3      | Slain by a gnoll bouda

Illustrated notes

Levels and vault maps discovered:
D:1:      lightli_iron_boxes, layout_loops_ring, shapermc_ecumenical_altar_venn
D:2:      layout_basic, uniq_terence, uniq_natasha
D:3:      layout_loops_corners, gammafunk_temple_overflow_claw,
          grunt_decor_junction, minmay_misc_feat_x, uniq_sigmund,
          uniq_crazy_yiuf_cottage
D:4:      layout_layer_cave, general_overflow_altar

Skill      XL: |  1  2  3  4  5  6 |
---------------+-------------------+-----
Long Blades    | 2 3 |  3.8
Throwing       | 1 2 3 |  3.0
Dodging        | 1 2 |  2.0
Fighting       | |  3.9
Armour         | |  2.6
Shields        | |  2.6

Action                   |  1- 3 |  4- 6 || total
-------------------------+-------+-------++-------
Melee: Long sword        |    57 |    60 ||   117
       Kick              |       |     8 ||     8
       Mace              |       |     6 ||     6
Throw: Dart              |     3 |     5 ||     8
  Use: Potion            |       |     4 ||     4
Armor: Scale mail        |    23 |       ||    23
       Chain mail        |     1 |    39 ||    40
       Skin              |       |     1 ||     1
Dodge: Dodged            |    22 |    26 ||    48
Block: Buckler           |     6 |    21 ||    27
